General information
- name: grudge17
- type: Ladder 1vs1/FFA
- host: BEAR_AND
- saver: BEAR_AND
map: SantasStand
- players: 3
- length: 23:58
- speed: Fast
- version: 1.21 W3XP
- replay type:

» download(84 KB)
Players
team 1 (winner)
wwgt]mongrethod (
red | 106 APM | 2551 actions | 23:58)
5 Archmage
3 Summon Water Elemental
2 Brilliance Aura
5 Paladin
3 Holy Light
2 Divine Shield
» actions
| Assign group hotkey | 69 | |
| Basic commands | 430 | |
| Build / train | 78 | |
| Enter build submenu | 48 | |
| Enter hero's abilities submenu | 10 | |
| Give item / drop item | 2 | |
| Right click | 445 | |
| Select / deselect | 310 | |
| Select group hotkey | 978 | |
| Use ability | 181 | |
2551 total
» units
| Peasant | 12 | |
| Footman | 6 | |
| Priest | 9 | |
| Forest Troll Shadow Priest | 1 | |
| Knight | 6 | |
| Spell Breaker | 1 | |
| Sorceress | 1 | |
36 total
» upgrades
| Defend | 1 | |
| Priest Training | 2 | |
| Masonry | 3 | |
| Magic Sentry | 1 | |
| Animal War Training | 1 | |
| Sorceress Training | 2 | |
| Swords | 1 | |
| Lumber Harvesting | 2 | |
| Plating | 3 | |
16 total
» buildings
| Altar of Kings | 1 | |
| Barracks | 2 | |
| Farm | 32 | |
| Scout Tower | 1 | |
| Arcane Tower | 1 | |
| Keep | 1 | |
| Arcane Vault | 1 | |
| Blacksmith | 1 | |
| Arcane Sanctum | 3 | |
| Castle | 1 | |
| Lumber Mill | 1 | |
| Town Hall | 1 | |
46 total
» build order
00:08 Altar of Kings
00:17 Barracks
00:21 Farm
00:54 Farm
01:43 Farm
01:59 Farm
02:09 Scout Tower
02:39 Arcane Tower
03:04 Farm
03:55 Keep
04:01 Farm
04:08 Arcane Vault
05:05 Farm
05:17 Farm
05:19 Farm
05:42 Blacksmith
06:44 Arcane Sanctum
06:55 Farm
07:07 Arcane Sanctum
07:55 Castle
08:02 Farm
08:26 Lumber Mill
09:12 Farm
11:13 Farm
11:15 Farm
11:19 Farm
11:20 Farm
11:20 Farm
11:43 Arcane Sanctum
11:49 Town Hall
12:19 Farm
12:20 Farm
13:55 Barracks
14:30 Farm
14:31 Farm
14:32 Farm
15:26 Farm
16:19 Farm
16:41 Farm
16:43 Farm
18:29 Farm
18:30 Farm
18:32 Farm
19:16 Farm
20:31 Farm
20:32 Farm
» items
| Scroll of Regeneration | 1 | |
| Lesser Clarity Potion | 2 | |
| Scroll of Town Portal | 3 | |
| Potion of Healing | 1 | |
| Potion of Lesser Invulnerability | 1 | |
| Scroll of Protection | 1 | |
| Scroll of Healing | 1 | |
| Orb of Fire | 1 | |
11 total
team 2 (loser)
WWGT]MekkaGobb (
green | 103 APM | 2477 actions | 23:57)
4 Tauren Chieftain
2 War Stomp
2 Endurance Aura
2 Shadow Hunter
1 Hex
1 Healing Wave
2 Goblin Alchemist
1 Chemical Rage
1 Healing Spray
» actions
| Assign group hotkey | 86 | |
| Basic commands | 23 | |
| Build / train | 95 | |
| ESC pressed | 1 | |
| Enter build submenu | 43 | |
| Enter hero's abilities submenu | 9 | |
| Give item / drop item | 5 | |
| Remove unit from queue | 6 | |
| Right click | 1051 | |
| Select / deselect | 354 | |
| Select group hotkey | 672 | |
| Use ability | 132 | |
2477 total
» units
| Peon | 15 | |
| Grunt | 6 | |
| Troll Headhunter/Berserker | 8 | |
| Demolisher | 3 | |
| Spirit Walker | 3 | |
| Tauren | 5 | |
40 total
» upgrades
| Berserker Strength | 1 | |
| Pillage | 1 | |
| Spirit Walker Training | 2 | |
| Pulverize | 1 | |
| Armor | 1 | |
| Melee Weapons | 1 | |
7 total
» buildings
| Altar of Storms | 1 | |
| Orc Burrow | 6 | |
| Barracks | 1 | |
| War Mill | 1 | |
| Voodoo Lounge | 1 | |
| Watch Tower | 14 | |
| Stronghold | 2 | |
| Great Hall | 4 | |
| Fortress | 2 | |
| Spirit Lodge | 1 | |
| Tauren Totem | 2 | |
| Beastiary | 1 | |
36 total
» build order
00:02 Altar of Storms
00:10 Orc Burrow
00:40 Barracks
01:31 Orc Burrow
02:31 War Mill
02:44 Voodoo Lounge
03:27 Orc Burrow
04:36 Watch Tower
04:37 Watch Tower
05:19 Stronghold
05:19 Stronghold
05:42 Watch Tower
05:43 Watch Tower
07:00 Watch Tower
07:06 Great Hall
07:07 Watch Tower
07:11 Great Hall
07:28 Watch Tower
07:53 Watch Tower
08:32 Watch Tower
09:03 Watch Tower
09:37 Watch Tower
11:05 Fortress
11:05 Fortress
11:08 Orc Burrow
12:05 Spirit Lodge
13:27 Tauren Totem
14:51 Orc Burrow
15:08 Orc Burrow
15:21 Tauren Totem
18:26 Great Hall
19:59 Beastiary
20:54 Great Hall
21:12 Watch Tower
21:12 Watch Tower
21:13 Watch Tower
» items
| Boots of Speed | 1 | |
| Healing Salve | 4 | |
| Lesser Clarity Potion | 6 | |
| Orb of Lightning | 2 | |
| Scroll of Town Portal | 1 | |
| Scroll of Healing | 1 | |
| Potion of Invisibility | 1 | |
| Potion of Mana | 1 | |
17 total
observersBEAR_AND Chat log
(00:48 / All) wwgt]mongrethod: how many matches been played already
(00:54 / All) WWGT]MekkaGobb: 16
(00:58 / All) wwgt]mongrethod: WTF
(01:03 / All) wwgt]mongrethod: that's 32 players
(01:08 / All) WWGT]MekkaGobb: lol psyche
(01:10 / All) WWGT]MekkaGobb: psyche heheh
(01:16 / All) wwgt]mongrethod: HAHA u got me good
(01:42 / All) WWGT]MekkaGobb: naga seabitch more like
(05:26 / All) wwgt]mongrethod: stop destroying government property
(05:37 / All) WWGT]MekkaGobb: where's ur proof son
(05:53 / All) wwgt]mongrethod: i know what u did last summer
(06:08 / All) WWGT]MekkaGobb: pfthahah
(08:38 / All) WWGT]MekkaGobb: aha
(08:46 / All) WWGT]MekkaGobb: someone trying to set up camp in my property
(08:50 / All) WWGT]MekkaGobb: trespasser if u will
(09:32 / All) wwgt]mongrethod: just wtf is your problem
(09:34 / All) WWGT]MekkaGobb: glad i got pilalge now
(09:47 / All) wwgt]mongrethod: jesus stop killin my farms
(09:54 / All) WWGT]MekkaGobb: this is rhodesia & i am mugabe
(10:19 / All) WWGT]MekkaGobb: were ur food
(13:32 / All) WWGT]MekkaGobb: i think i need another hero
(13:33 / All) wwgt]mongrethod: wtf
(13:35 / All) WWGT]MekkaGobb: two just isn't cutting it
(13:59 / All) WWGT]MekkaGobb: what is this
(14:00 / All) WWGT]MekkaGobb: a knight?!?
(14:11 / All) wwgt]mongrethod: darn tootin
(14:44 / All) WWGT]MekkaGobb: i am going to build an orc knight
(14:47 / All) WWGT]MekkaGobb: in order to counter your human knight
(17:31 / All) WWGT]MekkaGobb: and here he comes now
(19:24 / All) WWGT]MekkaGobb: foolish mortal
(20:43 / All) WWGT]MekkaGobb: tha orcish war machine is on the move...
(22:06 / All) WWGT]MekkaGobb: hah i got speedytauren lvl 2 now
(23:37 / All) WWGT]MekkaGobb: pick on someone ur own size
(23:53 / All) WWGT]MekkaGobb: gg
(23:56 / All) wwgt]mongrethod: gg